 Dungeon Crawl Stone Soup version 0.21.1-1-g345015f (webtiles) character file.

384 xccam the Cudgeler (level 6, -2/51 HPs)
             Began as a Draconian Monk on Mar 2, 2018.
             Slain by Grinder (10 damage)
             ... on level 4 of the Dungeon.
             The game lasted 00:06:51 (3518 turns).

xccam the Cudgeler (Draconian Monk)                 Turns: 3518, Time: 00:06:51

Health: -2/51      AC:  7    Str: 19    XL:     6   Next: 47%
Magic:  6/6        EV: 13    Int: 10    God:
Gold:   137        SH:  0    Dex: 15    Spells: 5/5 levels left

rFire    . . .     SeeInvis .   a - +1 mace
rCold    . . .     Gourm    .   (no shield)
rNeg     . . .     Faith    .   (armour unavailable)
rPois    .         Spirit   .   (helmet restricted)
rElec    .         Reflect  .   (no cloak)
rCorr    .         Harm     .   j - +0 pair of gloves
MR       .....                  (no boots)
Stlth    ++........             l - amulet of rage
HPRegen  0.17/turn              (no ring)
MPRegen  0.10/turn              (no ring)

@: mighty
A: unfitting armour, cold-blooded, AC +6
a: Evoke Berserk Rage


You were on level 4 of the Dungeon.
You were not hungry.

You visited 1 branch of the dungeon, and saw 4 of its levels.

You collected 137 gold pieces.

Inventory:

Hand Weapons
 a - a +1 mace (weapon)
Armour
 j - a +0 pair of gloves (worn)
Jewellery
 d - an uncursed ring of protection from fire {unknown}
 l - an amulet of rage (around neck)
Scrolls
 i - a scroll of teleportation
 k - a scroll of remove curse
 n - a scroll of magic mapping {unknown}
 o - a scroll of identify
Potions
 c - a potion of might
 f - 3 potions of lignification
 g - a potion of flight
 h - a potion of brilliance
 p - a potion of magic
Comestibles
 b - 6 rations


   Skills:
 + Level 3.3 Fighting
 * Level 7.4 Maces & Flails
 - Level 2.6 Dodging
 - Level 1.7 Stealth


You had 5 spell levels left.
You didn't know any spells.

Dungeon Overview and Level Annotations

Branches:
Dungeon (4/15)
 Temple: D:4-7

Altars:

Annotations:
D:4 Grinder


Innate Abilities, Weirdness & Mutations

Your plain brown scales are hard. (AC +6)
You cannot fit into any form of body armour.
You are cold-blooded and may be slowed by cold attacks.


Message History

You kill the giant cockroach!
Grinder gestures at you.
You suddenly lose the ability to move!
Grinder hits you.
You can move again.
You sock Grinder!
Grinder is almost dead.
Grinder hits you.
You writhe in agony.
You closely miss Grinder.
Grinder is almost dead.
Grinder hits you!
* * * LOW HITPOINT WARNING * * *
You writhe in agony.
* * * LOW HITPOINT WARNING * * *
Grinder blinks!
You aren't carrying any items that you can evoke.
As you read the scroll of fog, it crumbles to dust.
The scroll dissolves into smoke.
Grinder hits you!
You die...

###.##.##..####
#....#......#######
###..##............
#..######.#####.#
#...............#
##.#.#####.#######
##.§##.####.#
####.#§§§§.....#
#....§§§@5..####
.####§§§##.#
#§§###.# #§§# #.#
#..# #.# #... ...
##.###.. #.# #...
#.. ....


You could see Grinder.

Vanquished Creatures
  Sigmund (D:4)
  An ogre (D:4)
  6 adders
  An ooze (D:4)
  2 worms
  2 dart slugs (D:1)
  7 leopard geckos
  4 orcs
  2 ball pythons (D:1)
  3 bats
  4 giant cockroaches
  6 hobgoblins
  8 jackals
  A quokka (D:4)
  6 frilled lizards
  3 goblins
  8 kobolds
  4 rats
69 creatures vanquished.

Notes
Turn   | Place    | Note
-------+----------+-------------------------------------------
     0 | D:1      | xccam the Draconian Monk began the quest for the Orb.
     0 | D:1      | Reached XP level 1. HP: 19/19 MP: 1/1
    66 | D:1      | Reached XP level 2. HP: 8/26 MP: 2/2
   430 | D:1      | Reached skill level 4 in Maces & Flails
   522 | D:1      | You fall through a shaft!
   535 | D:2      | Reached XP level 3. HP: 29/31 MP: 3/3
  1427 | D:2      | Reached XP level 4. HP: 38/38 MP: 4/4
  1549 | D:2      | Reached skill level 5 in Maces & Flails
  2975 | D:4      | Noticed Sigmund
  2992 | D:4      | Killed Sigmund
  2992 | D:4      | Reached skill level 6 in Maces & Flails
  2992 | D:4      | Reached XP level 5. HP: 29/45 MP: 5/5
  2992 | D:4      | Reached XP level 6. HP: 34/51 MP: 6/6
  3415 | D:4      | Reached skill level 7 in Maces & Flails
  3483 | D:4      | Noticed Grinder
  3500 | D:4      | Paralysed by Grinder for 2 turns
  3509 | D:4      | Paralysed by Grinder for 4 turns
  3518 | D:4      | Slain by Grinder

Skill      XL: |  1  2  3  4  5  6 |
---------------+-------------------+-----
Maces & Flails | 4 6 7 |  7.4
Fighting       | |  3.3
Dodging        | |  2.6
Stealth        | |  1.7

Action                   |  1- 3 |  4- 6 || total
-------------------------+-------+-------++-------
Melee: Mace              |    97 |   123 ||   220
       Tailslap          |     6 |    25 ||    31
 Abil: Evoke Berserk Rag |       |     1 ||     1
  Use: Scroll            |       |    10 ||    10
       Potion            |       |     7 ||     7
 Stab: Sleeping          |     4 |     1 ||     5
  Eat: Chunk             |     1 |     5 ||     6
       Ration            |       |     1 ||     1
Armor: Skin              |    23 |    29 ||    52
Dodge: Dodged            |    82 |    81 ||   163
